[Event "Titled Tuesday Blitz February 28 Early 2023"]
[White "Petrova, Irina"]
[Black "Khamdamova, Afruza"]
[WhiteFideId "14124122"]
[BlackFideId "14210444"]
[WhiteElo "2084"]
[BlackElo "2210"]
[Result "1-0"]
[Round "06"]
[TimeControl "180+2"]
[Date "2023.02.28"]
[WhiteClock "0:00:22"]
[BlackClock "0:00:05"]

1. e4 c5 2. Nf3 Nc6 3. Bb5 e6 4. Bxc6 bxc6 5. O-O d5 6. e5 Ne7 7. d3 Ng6 8. b3 Be7 9. c4 O-O 10. Nc3 Qc7 11. Re1 Rd8 12. Ba3 f6 13. Na4 fxe5 14. Qe2 Bf6 15. Rad1 Nf4 16. Qc2 Qf7 17. Bxc5 Qg6 18. g3 Qg4 19. Nxe5 Bxe5 20. Rxe5 Nh3+ 21. Kg2 Nf4+ 22. Kg1 dxc4 23. bxc4 Rd7 24. Re4 Nh3+ 25. Kg2 Qf5 26. Qe2 Rf7 27. Be3 c5 28. Nxc5 Rb8 29. Rh4 e5 30. Ne4 Rb2 31. Rd2 Rxd2 32. Bxd2 h6 33. Be3 Kh7 34. Nd6 Qg6 35. Nxc8 Ng5 36. Bxg5 Qxg5 37. Nd6 Rd7 38. Ne4 Qf5 39. Nc5 Rc7 40. Qe4 g6 41. Qxf5 gxf5 42. Nb3 Rd7 43. d4 e4 44. Rf4 Kg6 45. d5 Kg5 46. Nd4 a5 47. Rxf5+ Kg6 48. Re5 Rc7 49. Nc6 a4 50. d6 Rxc6 51. d7 Rd6 52. Rd5 Rxd5 53. cxd5 Kf6 54. d8=Q+ Ke5 55. d6 Kd4 56. d7 e3 57. fxe3+ Kc3 58. Qe7 h5 59. d8=Q h4 60. Qec7+ Kb2 61. Qdb8+ Ka1 62. Qc3+ Kxa2 63. Qcb2# 1-0


[Site "https://www.chess.com"]

[Event "Titled Tuesday Blitz February 28 Early 2023"]
[White "Ansh M Shah"]
[Black "Martin Carmona, Gaston Manuel"]
[WhiteFideId "25033379"]
[BlackFideId "22284567"]
[WhiteElo "2084"]
[BlackElo "2245"]
[Result "0-1"]
[Round "06"]
[TimeControl "180+2"]
[Date "2023.02.28"]
[WhiteClock "0:00:04"]
[BlackClock "0:01:39"]

1. d4 g6 2. c4 Bg7 3. h4 Nf6 4. Nc3 c5 5. d5 a6 6. a4 O-O 7. e4 d6 8. Be2 h5 9. Nf3 Bg4 10. Bf4 Bxf3 11. Bxf3 Nbd7 12. O-O Ne8 13. Qd2 Ne5 14. Be2 Nc7 15. Bh6 e6 16. Bxg7 Kxg7 17. f4 Ng4 18. Bxg4 hxg4 19. g3 exd5 20. Nxd5 Ne6 21. f5 Nd4 22. f6+ Kh7 23. h5 Qd7 24. Qg5 Nf3+ 25. Rxf3 gxf3 26. Kf2 Qh3 27. Kxf3 Qxh5+ 28. Qg4 Rae8 29. Rg1 Qxg4+ 30. Kxg4 Rxe4+ 31. Kf3 Re5 32. g4 g5 33. Rh1+ Kg6 34. Ne7+ Kxf6 35. Nf5 Rxf5+ 36. gxf5 Kxf5 37. Rd1 Rh8 38. Rd5+ Ke6 39. Rxg5 Rh3+ 40. Ke4 Rb3 41. Rh5 Rxb2 42. Rh6+ f6 43. Rh7 Rb4 44. Kd3 Rxa4 45. Rxb7 Ra3+ 0-1


[Site "https://www.chess.com"]

[Event "Titled Tuesday Blitz February 28 Early 2023"]
[White "Martic, Ivan"]
[Black "Lucassen, Mickey"]
[WhiteFideId "929301"]
[BlackFideId "12919110"]
[WhiteElo "2360"]
[BlackElo "2353"]
[Result "0-1"]
[Round "06"]
[TimeControl "180+2"]
[Date "2023.02.28"]
[WhiteClock "0:01:06"]
[BlackClock "0:00:32"]

1. e4 c5 2. Nf3 d6 3. d4 cxd4 4. Nxd4 Nf6 5. f3 e5 6. Nb3 d5 7. Bg5 Be6 8. Bxf6 gxf6 9. exd5 Qxd5 10. Qxd5 Bxd5 11. Nc3 Be6 12. O-O-O a6 13. Nd5 Bxd5 14. Rxd5 Nc6 15. c3 h5 16. Nc5 Bxc5 17. Rxc5 Ke7 18. Rd5 Rhd8 19. Bc4 b5 20. Rxd8 Rxd8 21. Be2 h4 22. Rd1 Rg8 23. Bf1 Nd8 24. a4 bxa4 25. Rd2 Ne6 26. Bxa6 Nf4 27. Bf1 Ra8 28. Kb1 a3 29. b4 f5 30. Ka2 e4 31. fxe4 fxe4 32. Rf2 Nd5 33. Kb3 a2 34. Rxa2 Rxa2 35. Kxa2 Nxc3+ 36. Kb3 Nd1 37. Be2 Ne3 38. g3 hxg3 39. hxg3 Nf5 40. g4 Nd4+ 41. Kc4 Nxe2 42. b5 Kd6 43. g5 Ke5 44. b6 Kd6 45. b7 Kc7 46. Kd5 Ng3 47. Kd4 Kxb7 48. Ke3 Kc6 49. Kf4 Kd5 50. Kxg3 Ke5 51. Kg4 Kd4 52. Kf4 e3 53. Kf3 Kd3 54. g6 fxg6 55. Kg2 e2 56. Kf2 Kd2 0-1


[Site "https://www.chess.com"]

[Event "Titled Tuesday Blitz February 28 Early 2023"]
[White "Matveeva, Olga"]
[Black "Real_taiatai"]
[WhiteFideId "24107018"]
[WhiteElo "2056"]
[BlackElo "2510"]
[Result "0-1"]
[Round "06"]
[TimeControl "180+2"]
[Date "2023.02.28"]
[WhiteClock "0:00:10"]
[BlackClock "0:00:20"]

1. d4 Nf6 2. c4 g6 3. Nf3 Bg7 4. g3 O-O 5. Bg2 d6 6. O-O Nc6 7. Nc3 Bd7 8. e4 e5 9. d5 Ne7 10. Ne1 h6 11. Nd3 Nh7 12. f4 exf4 13. Bxf4 g5 14. Bd2 f5 15. Qe2 fxe4 16. Nxe4 Nf5 17. Bc3 Qe7 18. Bxg7 Qxg7 19. Rae1 Rae8 20. Qh5 Qd4+ 21. Ndf2 Kg7 22. b3 Ne3 23. Nxg5 Nxg5 24. h4 Bg4 25. Nxg4 Nxf1+ 26. Re3 Nxe3 27. Qxh6+ Kg8 28. Qg6+ Qg7 29. Nh6+ Kh8 0-1


[Site "https://www.chess.com"]

[Event "Titled Tuesday Blitz February 28 Early 2023"]
[White "Mesa Cruz, Juan Carlos"]
[Black "Romero Barreto, Jaime Jose"]
[WhiteFideId "6423400"]
[BlackFideId "3902498"]
[WhiteElo "2119"]
[BlackElo "2313"]
[Result "0-1"]
[Round "06"]
[TimeControl "180+2"]
[Date "2023.02.28"]
[WhiteClock "0:00:04"]
[BlackClock "0:01:47"]

1. e4 d6 2. Nf3 Nf6 3. Nc3 e5 4. Bc4 Be7 5. O-O O-O 6. d4 exd4 7. Nxd4 Nc6 8. Bf4 Bd7 9. Re1 a6 10. a4 Nxd4 11. Qxd4 Bc6 12. a5 Re8 13. Rad1 Nd7 14. Nd5 Bf6 15. Nxf6+ Qxf6 16. Qxf6 Nxf6 17. f3 Rad8 18. Bg5 Re5 19. Bxf6 gxf6 20. g4 Rxa5 21. Kf2 Kg7 22. h4 Re8 23. c3 Rc5 24. Rd4 a5 25. Ra1 h5 26. gxh5 Rxh5 27. Kg3 Reh8 28. Be2 Rxh4 29. Rxa5 Rh2 30. Rd2 R8h4 31. b4 Bd7 32. Rad5 Be6 0-1


[Site "https://www.chess.com"]

[Event "Titled Tuesday Blitz February 28 Early 2023"]
[White "Belov, Alexei"]
[Black "Begunov, Konstantin"]
[WhiteFideId "4128206"]
[BlackFideId "4118510"]
[WhiteElo "2501"]
[BlackElo "2118"]
[Result "0-1"]
[Round "06"]
[TimeControl "180+2"]
[Date "2023.02.28"]
[WhiteClock "0:00:41"]
[BlackClock "0:00:14"]

1. e4 c5 2. Nf3 d6 3. d4 cxd4 4. Nxd4 Nf6 5. Nc3 a6 6. Be2 e5 7. Nb3 Be7 8. O-O O-O 9. Kh1 b5 10. a4 b4 11. Nd5 Nbd7 12. Nxe7+ Qxe7 13. f3 a5 14. Bd2 Nc5 15. Nxc5 dxc5 16. Be3 Be6 17. Qe1 c4 18. Qg3 Nd7 19. Rfd1 f6 20. Qf2 Rfc8 21. f4 exf4 22. Bxf4 Ne5 23. Qg3 Bf7 24. Rd4 c3 25. b3 Rd8 26. Rad1 Rxd4 27. Rxd4 Re8 28. h3 Ng6 29. Bd6 Qa7 30. Rd1 Rxe4 31. Bf3 Re8 32. h4 Qe3 33. h5 Ne5 34. Re1 Qd2 35. Bxe5 fxe5 36. Rxe5 Qxc2 37. Rxe8+ Bxe8 38. Bd5+ Kh8 39. Qe5 Qd1+ 40. Kh2 Qxh5+ 41. Qxh5 Bxh5 42. Be4 Bg6 0-1


[Site "https://www.chess.com"]

[Event "Titled Tuesday Blitz February 28 Early 2023"]
[White "Ezat, Mohamed"]
[Black "Sarkar, Justin"]
[WhiteFideId "10600906"]
[BlackFideId "2010011"]
[WhiteElo "2388"]
[BlackElo "2189"]
[Result "1/2-1/2"]
[Round "06"]
[TimeControl "180+2"]
[Date "2023.02.28"]
[WhiteClock "0:00:22"]
[BlackClock "0:01:20"]

1. e4 c5 2. d4 cxd4 3. c3 dxc3 4. Nxc3 e6 5. Nf3 Nc6 6. Bc4 Bb4 7. O-O Nge7 8. Qe2 O-O 9. Rd1 Bxc3 10. bxc3 d5 11. Bd3 h6 12. Ba3 Re8 13. Bb5 Bd7 14. c4 a6 15. Bxc6 Bxc6 16. cxd5 exd5 17. e5 1/2-1/2


[Site "https://www.chess.com"]

[Event "Titled Tuesday Blitz February 28 Early 2023"]
[White "Sovetbekova, Nurai"]
[Black "Nguyen Hong Nhung"]
[WhiteFideId "13801910"]
[BlackFideId "12412201"]
[WhiteElo "1857"]
[BlackElo "1904"]
[Result "0-1"]
[Round "06"]
[TimeControl "180+2"]
[Date "2023.02.28"]
[WhiteClock "0:00:03"]
[BlackClock "0:00:23"]

1. d4 Nf6 2. c4 c5 3. d5 b5 4. cxb5 a6 5. e3 g6 6. Nc3 Bg7 7. Nf3 O-O 8. a4 Bb7 9. e4 d6 10. Be2 axb5 11. Bxb5 e6 12. O-O exd5 13. exd5 Na6 14. Bf4 Nb4 15. Bc4 Qd7 16. Qd2 Rfd8 17. Rfe1 Qf5 18. Bg3 Nfxd5 19. Nxd5 Nxd5 20. Bd3 Qg4 21. Be4 Qh5 22. Rad1 Bh6 23. Qe2 Ba6 24. Qc2 Nb4 25. Qb3 d5 0-1


[Site "https://www.chess.com"]

[Event "Titled Tuesday Blitz February 28 Early 2023"]
[White "Balla, Tamas-Kristof"]
[Black "Vifleemskaia, Svetlana"]
[WhiteFideId "1208497"]
[BlackFideId "4129490"]
[WhiteElo "2334"]
[BlackElo "1930"]
[Result "0-1"]
[Round "06"]
[TimeControl "180+2"]
[Date "2023.02.28"]
[WhiteClock "0:00:14"]
[BlackClock "0:00:07"]

1. e4 e5 2. Nf3 Nc6 3. d4 exd4 4. Nxd4 Bb4+ 5. c3 Bc5 6. Nf5 d5 7. Nxg7+ Kf8 8. Nf5 dxe4 9. Qxd8+ Nxd8 10. Ng3 f5 11. Bc4 Nf6 12. Bh6+ Ke7 13. O-O Be6 14. Bxe6 Kxe6 15. Nd2 Nf7 16. Bf4 Bd6 17. Bxd6 Nxd6 18. Rfe1 Rhe8 19. f3 Kf7 20. fxe4 fxe4 21. Re2 Re5 22. Rae1 Rae8 23. Ngf1 c5 24. Ne3 b5 25. Rf1 Kg6 26. Ref2 Nd5 27. Ng4 Rf5 28. Rxf5 Nxf5 29. Re1 e3 30. Nf3 Nf4 31. Nge5+ Kg7 32. g4 Nh4 33. Rxe3 Nxf3+ 34. Rxf3 Ne2+ 35. Kf2 Rxe5 36. Rd3 Nc1 37. Rd7+ Kg6 38. Rxa7 Re2+ 39. Kg3 Rxb2 40. Ra6+ Kg7 41. h4 Rxa2 42. Rb6 Rb2 43. Kf4 b4 44. Rb7+ Kf6 45. cxb4 Rxb4+ 46. Rxb4 cxb4 47. Ke3 b3 48. Kd2 Na2 49. Kd3 b2 50. Kc2 Nc3 51. Kxb2 Nd5 52. Kc2 Ke5 53. Kd3 Kf4 54. Kd4 Nf6 55. g5 Nh5 56. Kd5 Kg4 57. Ke6 Kxh4 58. Kf5 Ng3+ 59. Kf6 Nh5+ 60. Kf5 Ng7+ 61. Kf6 Ne8+ 62. Kf7 Kxg5 63. Kxe8 h5 64. Kf7 h4 65. Ke6 h3 66. Kd5 h2 0-1


[Site "https://www.chess.com"]

[Event "Titled Tuesday Blitz February 28 Early 2023"]
[White "Ruiz Aguilar, Pablo Alexander"]
[Black "Sokac, Marko"]
[WhiteFideId "4401352"]
[BlackFideId "14531356"]
[WhiteElo "2138"]
[BlackElo "2355"]
[Result "0-1"]
[Round "06"]
[TimeControl "180+2"]
[Date "2023.02.28"]
[WhiteClock "0:00:01"]
[BlackClock "0:00:41"]

1. e4 d6 2. Nf3 Nf6 3. d4 c6 4. Nc3 Bg4 5. h3 Bh5 6. Bc4 e6 7. Bb3 d5 8. e5 Nfd7 9. O-O c5 10. g4 Bg6 11. Be3 cxd4 12. Bxd4 Nc6 13. Re1 Be7 14. Ne2 h5 15. Nf4 hxg4 16. hxg4 Be4 17. c3 Ndxe5 18. Rxe4 Nxf3+ 19. Qxf3 dxe4 20. Qxe4 Nxd4 21. cxd4 Qb6 22. Ba4+ Kf8 23. Bb3 Rd8 24. d5 exd5 25. Nxd5 Qd6 26. Qxe7+ Qxe7 27. Nxe7 Kxe7 28. Re1+ Kf6 29. Re4 Rd7 30. Rf4+ Kg6 31. Bc2+ Kg5 32. Rb4 b6 33. Kg2 Rd2 34. Bf5 g6 35. Be4 f5 36. gxf5 gxf5 37. Bf3 Rc8 38. b3 Rcc2 39. Kg3 Rxf2 40. a4 a5 41. Rd4 Rfd2 42. Rf4 Rc3 0-1


[Site "https://www.chess.com"]

[Event "Titled Tuesday Blitz February 28 Early 2023"]
[White "Womacka, Mathias"]
[Black "Liu, Casper"]
[WhiteFideId "4611390"]
[BlackFideId "1454153"]
[WhiteElo "2377"]
[BlackElo "2221"]
[Result "0-1"]
[Round "06"]
[TimeControl "180+2"]
[Date "2023.02.28"]
[WhiteClock "0:00:03"]
[BlackClock "0:00:13"]

1. e4 c5 2. Nf3 d6 3. d4 Nf6 4. Nc3 cxd4 5. Nxd4 Nc6 6. Be2 e5 7. Nf3 Be7 8. O-O Be6 9. Ng5 O-O 10. Nxe6 fxe6 11. Bc4 Qd7 12. Be3 Kh8 13. Qe2 d5 14. Rad1 d4 15. Bg5 Na5 16. Bb5 Qc7 17. Nb1 a6 18. Bd3 b5 19. Nd2 Rac8 20. a4 bxa4 21. Bxa6 Rb8 22. Bb5 Qxc2 23. Rc1 Qxb2 24. Bxa4 Bb4 25. Rb1 Qa2 26. Ra1 Qb2 27. Rfb1 Qc3 28. Rc1 d3 29. Qe3 Qxd2 30. Qxd2 Bxd2 31. Bxd2 Nb3 32. Bxb3 Rxb3 33. f3 Rb2 34. Bc3 Rb5 35. Rab1 Rc5 36. Bd2 Rxc1+ 37. Rxc1 h6 38. Kf2 Nh5 39. Rc5 Rb8 40. Rxe5 Rb2 41. Ke3 Nf4 42. Kxf4 Rxd2 43. Ke3 Rxg2 44. Kxd3 Rxh2 45. Rxe6 Kg8 46. Ke3 Kf7 47. Ra6 h5 48. Kf4 Rg2 49. Kf5 g6+ 50. Ke5 h4 51. Ra7+ Kg8 52. Kf6 h3 0-1


[Site "https://www.chess.com"]

[Event "Titled Tuesday Blitz February 28 Early 2023"]
[White "Sliwicki, Damian"]
[Black "Golubev, Mikhail"]
[WhiteFideId "1127128"]
[BlackFideId "14100983"]
[WhiteElo "1988"]
[BlackElo "2374"]
[Result "0-1"]
[Round "06"]
[TimeControl "180+2"]
[Date "2023.02.28"]
[WhiteClock "0:00:04"]
[BlackClock "0:00:25"]

1. e4 c5 2. Nf3 d6 3. d4 Nf6 4. Nc3 cxd4 5. Qxd4 a6 6. Bg5 Nc6 7. Qd2 h6 8. Bxf6 gxf6 9. O-O-O h5 10. Kb1 h4 11. Nd4 Bh6 12. Qe1 Nxd4 13. Rxd4 Bf4 14. Nd5 Be5 15. Rc4 b5 16. Rc3 Bxc3 17. Qxc3 Kf8 18. f4 Bb7 19. Be2 Bxd5 20. exd5 Rc8 21. Qd3 Qb6 22. b3 b4 23. Qf5 Rc3 24. Bd3 Rg8 25. Re1 Rxg2 26. Qh7 Qf2 0-1


[Site "https://www.chess.com"]

[Event "Titled Tuesday Blitz February 28 Early 2023"]
[White "Ramirez Allo, Eduardo"]
[Black "Melikhov, Evgeny V."]
[WhiteFideId "2224178"]
[BlackFideId "4122046"]
[WhiteElo "2469"]
[BlackElo "2158"]
[Result "0-1"]
[Round "06"]
[TimeControl "180+2"]
[Date "2023.02.28"]
[WhiteClock "0:00:01"]
[BlackClock "0:00:19"]

1. d4 Nf6 2. c4 e6 3. Nf3 d5 4. g3 dxc4 5. Bg2 Nc6 6. O-O Rb8 7. a4 a6 8. a5 Bd6 9. Na3 e5 10. Nxc4 exd4 11. Nxd4 Nxd4 12. Qxd4 O-O 13. Nxd6 Qxd6 14. Qxd6 cxd6 15. Bf4 Rd8 16. Rfd1 Ne8 17. Ra3 b6 18. Rb3 Bg4 19. Rxb6 Bxe2 20. Re1 Bb5 21. Re7 Kf8 22. Ra7 Rbc8 23. Bd5 Rc7 24. Rxc7 Nxc7 25. Bxd6+ Rxd6 26. Rxd6 Ke7 27. Rb6 Nxd5 28. Rb7+ Ke6 29. f4 g6 30. Kf2 h5 31. h4 Nb4 32. Ke3 Nc6 33. f5+ gxf5 34. Kf4 Nxa5 35. Rb6+ Nc6 36. Kg5 Ke5 37. Kxh5 f4 38. gxf4+ Kxf4 39. Kh6 Kg4 40. h5 Kh4 41. Rb7 Ne5 42. Rc7 Ng4+ 43. Kg7 Kxh5 44. Kxf7 Kg5 45. Ke6 Kf4 46. Kd5 Ne3+ 47. Kc5 Nc4 48. b3 Nd2 49. b4 Nc4 50. Re7 Kf5 51. Re1 Ne5 52. Kd5 Nd7 53. Kd6 Nb6 54. Re2 Bxe2 55. Kc6 Na4 0-1


[Site "https://www.chess.com"]

[Event "Titled Tuesday Blitz February 28 Early 2023"]
[White "Jiganchine, Roman"]
[Black "Vivas Zamora, Fabian Ernesto"]
[WhiteFideId "2603667"]
[BlackFideId "3902480"]
[WhiteElo "2291"]
[BlackElo "2262"]
[Result "0-1"]
[Round "06"]
[TimeControl "180+2"]
[Date "2023.02.28"]
[WhiteClock "0:00:20"]
[BlackClock "0:00:05"]

1. e4 e5 2. Nf3 Nc6 3. Nc3 Nf6 4. Bb5 Nd4 5. O-O Nxb5 6. Nxb5 d6 7. d4 exd4 8. Qxd4 Be7 9. e5 dxe5 10. Qxe5 O-O 11. Qxc7 a6 12. Qxd8 Rxd8 13. Nbd4 Nd5 14. c3 Bf6 15. Re1 b5 16. Nc6 Rf8 17. Bg5 Bxg5 18. Nxg5 Bd7 19. Ne7+ Nxe7 20. Rxe7 Rad8 21. Rd1 Be6 22. Rxd8 Rxd8 23. h4 Bxa2 24. Nf3 h6 25. Ra7 Rd6 26. Nd4 Be6 27. f3 h5 28. Kf2 g6 29. Ke3 Kg7 30. Kf4 Kf6 31. Rb7 Bd5 32. Rc7 Rb6 33. Rc5 Be6 34. Nc2 a5 35. b4 a4 36. Na3 Bd7 37. c4 bxc4 38. Rxc4 Be6 39. Rd4 Bb3 40. b5 Ke6 41. Rb4 Kd6 42. Nc4+ Kc5 43. Rxb3 axb3 44. Nxb6 Kxb6 0-1


[Site "https://www.chess.com"]

[Event "Titled Tuesday Blitz February 28 Early 2023"]
[White "Levitan, Caleb Levi"]
[Black "Fieberg, Samuel"]
[WhiteFideId "14332620"]
[BlackFideId "12901717"]
[WhiteElo "1963"]
[BlackElo "2463"]
[Result "0-1"]
[Round "06"]
[TimeControl "180+2"]
[Date "2023.02.28"]
[WhiteClock "0:00:02"]
[BlackClock "0:01:26"]

1. e4 e6 2. d4 d5 3. Nc3 Nf6 4. e5 Nfd7 5. f4 c5 6. Nf3 Nc6 7. Be3 cxd4 8. Nxd4 Qb6 9. Na4 Qa5+ 10. c3 Nxd4 11. Bxd4 b5 12. b4 Qxa4 13. Qd2 a5 14. bxa5 Qxa5 15. Be2 Bc5 16. O-O Bxd4+ 17. Qxd4 Qb6 18. Qxb6 Nxb6 19. Bxb5+ Bd7 20. Bd3 Kd8 21. Rfb1 Kc7 22. Rb4 Rhb8 23. g4 Nc4 24. Bxc4 Rxb4 25. Bxd5 exd5 26. cxb4 Bxg4 27. Kf2 d4 28. Ke1 Kc6 29. Kd2 Kb5 30. a3 Bf5 31. Ra2 Kc4 32. Ra1 Kb3 33. Rg1 Rxa3 34. Rxg7 Ra2+ 35. Ke1 d3 36. Rxf7 d2+ 37. Ke2 Bg4+ 38. Ke3 d1=Q 39. e6 Kc4 40. Rc7+ Kb3 41. e7 Re2# 0-1


[Site "https://www.chess.com"]

[Event "Titled Tuesday Blitz February 28 Early 2023"]
[White "Mohammed, Dilshad"]
[Black "Clawitter, Craig"]
[WhiteFideId "5050421"]
[BlackFideId "2023105"]
[WhiteElo "2102"]
[BlackElo "2241"]
[Result "1-0"]
[Round "06"]
[TimeControl "180+2"]
[Date "2023.02.28"]
[WhiteClock "0:00:39"]
[BlackClock "0:00:01"]

1. Nf3 Nf6 2. c4 e6 3. d4 d5 4. Nc3 c6 5. Bg5 h6 6. Bxf6 Qxf6 7. e3 Nd7 8. Rc1 Bd6 9. Bd3 dxc4 10. Bxc4 O-O 11. Ne4 Bb4+ 12. Nc3 e5 13. O-O exd4 14. exd4 Nb6 15. Be2 Bf5 16. Ne5 Rad8 17. a3 Bd6 18. Nf3 Rfe8 19. Qd2 Bg4 20. Rfe1 Bf4 21. Qc2 Bxc1 22. Rxc1 Bxf3 23. Bxf3 Qxd4 24. h3 Qd2 25. Qb1 g6 26. Ne4 Qf4 27. Nc5 Re7 28. b4 Rd2 29. Re1 Rxe1+ 30. Qxe1 Qd4 31. Nb3 Qxf2+ 32. Qxf2 Rxf2 33. Kxf2 Nc4 34. Nc5 Nxa3 35. Nxb7 Nc2 36. Bxc6 Nxb4 37. Be4 f5 38. Bb1 Kg7 39. Ke3 Kf6 40. Nc5 g5 41. Nd7+ Ke6 42. Nc5+ Kd5 43. Na4 Ke5 44. Nc3 f4+ 45. Kf3 a5 46. Kg4 Nc6 47. Nb5 a4 48. Kh5 1-0


[Site "https://www.chess.com"]

[Event "Titled Tuesday Blitz February 28 Early 2023"]
[White "Schut, Han"]
[Black "Rottenwohrer Suarez, Juan"]
[WhiteFideId "1005561"]
[BlackFideId "32068182"]
[WhiteElo "2024"]
[BlackElo "2174"]
[Result "1-0"]
[Round "06"]
[TimeControl "180+2"]
[Date "2023.02.28"]
[WhiteClock "0:01:45"]
[BlackClock "0:00:31"]

1. e4 c5 2. Nf3 g6 3. c4 Nc6 4. d4 cxd4 5. Nxd4 Nf6 6. Nc3 d6 7. Be2 Nxd4 8. Qxd4 Bg7 9. Bg5 O-O 10. Qd2 Be6 11. Rc1 a6 12. b3 Qa5 13. O-O Rfc8 14. f4 b5 15. f5 Bd7 16. fxg6 hxg6 17. e5 Nh7 18. Nd5 Qxd2 19. Bxd2 Bxe5 20. Nxe7+ Kg7 21. Nxc8 Rxc8 22. cxb5 Rc2 1-0


[Site "https://www.chess.com"]

[Event "Titled Tuesday Blitz February 28 Early 2023"]
[White "Bas Mas, Jose Joaquin"]
[Black "Hertlein, Irena"]
[WhiteFideId "22219064"]
[BlackFideId "21817618"]
[WhiteElo "2233"]
[BlackElo "1776"]
[Result "1-0"]
[Round "06"]
[TimeControl "180+2"]
[Date "2023.02.28"]
[WhiteClock "0:00:36"]
[BlackClock "0:00:48"]

1. e4 c5 2. Nc3 e6 3. g3 Nc6 4. Nf3 Nf6 5. Bg2 Be7 6. O-O d5 7. e5 Nd7 8. Re1 Qc7 9. d3 Ncxe5 10. Nxe5 Nxe5 11. Bf4 f6 12. Nb5 Qb8 13. Bxe5 fxe5 14. Qh5+ g6 15. Qxe5 Qxe5 16. Rxe5 Bf6 17. Re2 Kf7 18. Nd6+ Ke7 19. Nxc8+ Raxc8 20. Bxd5 e5 21. Rae1 Kd6 22. c4 b5 23. f4 Rhe8 24. Bf7 Re7 25. cxb5 exf4 26. Re6+ Rxe6 27. Rxe6+ 1-0


[Site "https://www.chess.com"]

[Event "Titled Tuesday Blitz February 28 Early 2023"]
[White "Rosenberg, Evan S"]
[Black "Ciuffoletti, Paolo"]
[WhiteFideId "2019299"]
[BlackFideId "807630"]
[WhiteElo "2441"]
[BlackElo "2143"]
[Result "1-0"]
[Round "06"]
[TimeControl "180+2"]
[Date "2023.02.28"]
[WhiteClock "0:00:35"]
[BlackClock "0:00:02"]

1. d4 d5 2. Nf3 Nf6 3. c3 c5 4. dxc5 e6 5. Be3 Nbd7 6. b4 a5 7. g3 axb4 8. cxb4 Ne4 9. Bg2 Qf6 10. Bd4 e5 11. Bb2 Qe6 12. O-O Be7 13. Nbd2 f5 14. Nxe4 fxe4 15. Nd2 O-O 16. e3 Nf6 17. Nb3 Bd7 18. Qd2 Bb5 19. Rfd1 Rad8 20. h3 Nh5 21. Qc3 Bf6 22. Rd2 Bc4 23. Rad1 Bxb3 24. Qxb3 Qf5 25. g4 Qg5 26. gxh5 Kh8 27. Rxd5 Rde8 28. Qc4 Qxh5 29. Qxe4 Bh4 30. Rf1 Qe2 31. Qxh4 1-0


[Site "https://www.chess.com"]

[Event "Titled Tuesday Blitz February 28 Early 2023"]
[White "Buchenau, Frank"]
[Black "Sailer, Mike"]
[WhiteFideId "4604350"]
[BlackFideId "2012901"]
[WhiteElo "2157"]
[BlackElo "2109"]
[Result "0-1"]
[Round "06"]
[TimeControl "180+2"]
[Date "2023.02.28"]
[WhiteClock "0:00:02"]
[BlackClock "0:00:09"]

1. e4 d5 2. exd5 Qxd5 3. Nc3 Qd6 4. d4 Nf6 5. Nf3 c6 6. Ne5 Nbd7 7. Nc4 Qc7 8. Qf3 Nb6 9. Bf4 Qd8 10. Be5 Bg4 11. Qg3 h5 12. h3 Be6 13. Nxb6 axb6 14. Bd3 Nd5 15. Nxd5 Bxd5 16. c4 Be6 17. O-O f6 18. Bg6+ Bf7 19. Bc7 Qxd4 20. Rad1 Qxc4 21. b3 h4 22. Qe3 Qc5 23. Qd3 Qd5 24. Qe2 Qg5 25. Bxf7+ Kxf7 26. Rd7 Qb5 27. Qe3 Rh5 28. Qf3 Qf5 29. Qe2 Qxd7 30. Qxh5+ Kg8 31. Bxb6 e6 32. Qxh4 Bd6 33. Be3 Be5 34. a4 Rd8 35. Qg4 Qf7 36. h4 Bc7 37. b4 Bb8 38. h5 Qc7 0-1


[Site "https://www.chess.com"]

[Event "Titled Tuesday Blitz February 28 Early 2023"]
[White "Winkels, Marcel"]
[Black "Sreyas Payyappat"]
[WhiteFideId "1003887"]
[BlackFideId "46674969"]
[WhiteElo "1900"]
[BlackElo "2083"]
[Result "0-1"]
[Round "06"]
[TimeControl "180+2"]
[Date "2023.02.28"]
[WhiteClock "0:00:28"]
[BlackClock "0:00:08"]

1. e4 c6 2. d4 d5 3. exd5 cxd5 4. c4 Nf6 5. Nc3 Nc6 6. Bg5 Be6 7. c5 g6 8. Nf3 Bg7 9. Bb5 O-O 10. Bxc6 bxc6 11. Ne5 Qc7 12. O-O Ne4 13. Bf4 g5 14. Nxe4 gxf4 15. Ng5 Bxe5 16. Qh5 Bf5 17. dxe5 Qxe5 18. Rfe1 Qf6 19. Rac1 e5 20. Nf3 e4 21. Ng5 Qg6 22. Qxg6+ fxg6 23. b4 Rab8 24. a3 h5 25. h4 Kg7 26. Rb1 Rfe8 27. Rb3 Kf6 28. Rc1 a6 29. a4 Rb7 30. Kf1 Reb8 31. Rcb1 Ke5 32. R1b2 d4 33. Ke2 d3+ 34. Kd2 Kd4 35. b5 axb5 36. axb5 e3+ 37. fxe3+ fxe3+ 38. Kd1 Rxb5 39. Rxb5 Rxb5 40. Rxb5 cxb5 41. c6 Bg4+ 42. Nf3+ Kd5 43. Ke1 Bxf3 44. gxf3 Kxc6 45. f4 b4 46. Kd1 b3 47. Kc1 d2+ 48. Kd1 b2 0-1


[Site "https://www.chess.com"]

[Event "Titled Tuesday Blitz February 28 Early 2023"]
[White "Sanchez, Robert"]
[Black "Fabris, Alberto"]
[WhiteFideId "2034360"]
[BlackFideId "801348"]
[WhiteElo "2436"]
[BlackElo "2137"]
[Result "1-0"]
[Round "06"]
[TimeControl "180+2"]
[Date "2023.02.28"]
[WhiteClock "0:00:57"]
[BlackClock "0:01:00"]

1. e4 c5 2. Nf3 d6 3. d4 cxd4 4. Nxd4 Nf6 5. Nc3 a6 6. Be3 e5 7. Nb3 Be7 8. f3 Qc7 9. Qd2 h5 10. O-O-O O-O 11. h3 Be6 12. g4 Nbd7 13. Nd5 Bxd5 14. exd5 a5 15. g5 Ne8 16. Kb1 a4 17. Nc1 Nc5 18. Nd3 Nxd3 19. Bxd3 g6 20. c4 Qd7 21. h4 Ng7 22. f4 Nf5 23. fxe5 dxe5 24. Bf2 Rfc8 25. Rhf1 Nd4 26. Bxd4 exd4 27. Qf4 Bf8 28. Rde1 Bg7 29. d6 Re8 30. c5 Re6 31. Bc4 Rxe1+ 32. Rxe1 Re8 33. Qxf7+ Qxf7 34. Rxe8+ 1-0


[Site "https://www.chess.com"]

[Event "Titled Tuesday Blitz February 28 Early 2023"]
[White "Seletsky, Grigory"]
[Black "Flis, Pawel"]
[WhiteFideId "14112191"]
[BlackFideId "1112864"]
[WhiteElo "2490"]
[BlackElo "1822"]
[Result "1-0"]
[Round "06"]
[TimeControl "180+2"]
[Date "2023.02.28"]
[WhiteClock "0:01:44"]
[BlackClock "0:00:19"]

1. e4 c5 2. Nf3 d6 3. c3 Nf6 4. Bd3 Nc6 5. Bc2 g6 6. h3 Bg7 7. O-O O-O 8. Re1 a6 9. d4 cxd4 10. cxd4 Bd7 11. Nc3 Rc8 12. Be3 b5 13. a3 Na5 14. Nd2 Qb6 15. Bd3 Nc4 16. Bxc4 bxc4 17. Qc2 Rfd8 18. d5 Qb7 19. Bd4 Ne8 20. Bxg7 Kxg7 21. Nf3 f6 22. Nd4 Nc7 23. Rad1 Nb5 24. f4 Nxd4 25. Rxd4 Qb3 26. Qf2 Rb8 27. Rd2 Qb6 28. e5 Qxf2+ 29. Kxf2 fxe5 30. fxe5 Rf8+ 31. Kg3 Rbe8 32. Rd4 dxe5 33. Rxe5 Rf1 34. Rxc4 Rc1 35. Rc7 Kf6 36. Re2 Bb5 37. Ne4+ Kf7 38. Rf2+ Kg7 39. Rxc1 Bd3 40. Nc3 1-0


[Site "https://www.chess.com"]

[Event "Titled Tuesday Blitz February 28 Early 2023"]
[White "Filgueira, Hernan"]
[Black "Levine, David"]
[WhiteFideId "101770"]
[BlackFideId "2011611"]
[WhiteElo "2363"]
[BlackElo "2128"]
[Result "1-0"]
[Round "06"]
[TimeControl "180+2"]
[Date "2023.02.28"]
[WhiteClock "0:02:32"]
[BlackClock "0:00:24"]

1. c4 Nf6 2. Nc3 e6 3. e4 c5 4. Nf3 Nc6 5. Be2 d6 6. O-O Be7 7. d4 cxd4 8. Nxd4 O-O 9. f4 Qc7 10. Kh1 a6 11. Be3 b6 12. Nxc6 Qxc6 13. e5 Nd7 14. Bf3 d5 15. cxd5 exd5 16. Bxd5 Qc7 17. Bxa8 Bb7 18. Bxb7 Qxb7 19. Qd5 Qxd5 20. Nxd5 Nc5 21. Nxe7+ Kh8 22. Bxc5 bxc5 23. Rad1 Rd8 24. Rxd8# 1-0


[Site "https://www.chess.com"]